 Dungeon Crawl Stone Soup version 0.28.0-43-g3370ac3207 (webtiles) character file.

Game seed: 11146918119640928769

127 zeratav the Insei (level 5, -2/33 HPs)
             Began as an Octopode Transmuter on Apr 1, 2022.
             Slain by an adder (5 damage)
             ... in a sewer.
             The game lasted 00:14:39 (4254 turns).

zeratav the Insei (Octopode Transmuter)             Turns: 4254, Time: 00:14:40

Health: -2/33      AC:  1    Str: 10    XL:     5   Next: 11%
Magic:  9/9        EV: 13    Int: 17    God:
Gold:   119        SH:  0    Dex: 12    Spells: 5/9 levels left

rFire   + . .      SeeInvis .     - Unarmed
rCold   + . .      Faith    .   (no shield)
rNeg    . . .      Spirit   .   (helmet restricted)
rPois   +          Reflect  .   (no amulet)
rElec   +          Harm     .   (no ring)
rCorr   +          Rampage  .   (no ring)
Will    .....                   (no ring)
Stlth   +++.......              (no ring)
HPRegen 0.11/turn               (no ring)
MPRegen 0.11/turn               (no ring)
                                (no ring)
                                (no ring)

@: lethally poisoned (-2 -> -7), resistant
A: almost no armour, amphibious, 8 rings, camouflage 1, gelatinous body 1,
nimble swimmer 1, tentacles
a: no special abilities


You were in a sewer.
You visited 1 branch of the dungeon, and saw 3 of its levels.
You also visited: Sewer.

You collected 119 gold pieces.

Inventory:

Missiles
 a - 56 stones (quivered)
 d - 27 sling bullets
Scrolls
 c - a scroll of teleportation
 e - a scroll of silence {unknown}
 g - 2 scrolls of identify
 h - a scroll of amnesia
 i - a scroll of vulnerability {unknown}
Potions
 b - 4 potions of flight


   Skills:
 * Level 1.6 Fighting
 + Level 2.2 Dodging
 + Level 4.1 Unarmed Combat
 + Level 2.7 Spellcasting
 + Level 2.4 Transmutations
 * Level 2.0 Poison Magic


You had 5 spell levels left.
You knew the following spells:

 Your Spells              Type           Power      Damage    Failure   Level
a - Beastly Appendage     Tmut           20%        N/A       6%          1
b - Spider Form           Tmut/Pois      9%         N/A       22%         3

Your spell library contained the following spells:

 Spells                   Type           Power      Damage    Failure   Level
 Wereblood                Tmut           10%        N/A       10%         2
 Ice Form                 Ice/Tmut       6%         N/A       71%         4


Dungeon Overview and Level Annotations

Branches:
Dungeon (3/15)              Sewer (1/1)

Altars:
Hepliaklqana

Shops:
D:1 [[(([


Innate Abilities, Weirdness & Mutations

You cannot wear most types of armour.
You are amphibious.
You can wear up to eight rings at the same time.
Your skin changes colour to match your surroundings (Stealth+).
Your rubbery body absorbs attacks. (AC +1, EV +1)
You are camouflaged when in or above water. (Stealth+)
You have tentacles for arms and can constrict up to eight enemies at once.


Message History

The adder hisses angrily.
A ball python comes into view.
You see here a ball python corpse.
The river rat twitches its whiskers.
You closely miss the river rat.
The adder hisses angrily. x2
Your grab misses the river rat. Your squeeze misses the river rat.
The river rat bites you. x2
You closely miss the river rat. Your grab misses the river rat.
You squeeze the river rat.
The river rat is heavily wounded.
The river rat bites you but does no damage.
The river rat barely misses you. The adder bites you. The adder misses you.
The river rat misses you. The adder bites you.
You are poisoned.
The adder poisons you!
You feel sick.
You feel sick. The adder closely misses you.
You feel sick. The adder closely misses you.
You feel sick. The adder bites you.
You are more poisoned.
The adder poisons you!
You feel sick.
You feel sick. The adder bites you.
You are more poisoned.
The adder poisons you! The adder closely misses you.
You feel sick. The adder bites you. x2
* * * LOW HITPOINT WARNING * * *
It was a potion of resistance.
You feel protected.
* * * LOW HITPOINT WARNING * * *
You feel sick. The adder bites you.
* * * LOW HITPOINT WARNING * * *
The adder bites you but does no damage. The adder misses you.
You closely miss the adder. You grab the adder. You constrict the adder.
* * * LOW HITPOINT WARNING * * *
You feel sick. The adder bites you.
You die...

#≈≈≈≈#######
#≈≈≈≈≈.≈.≈≈.
#≈≈≈≈≈≈≈≈≈≈≈
#≈≈≈≈≈≈≈.≈≈≈
#≈≈≈###≈≈≈##
#r≈≈# .≈≈#
#r≈≈# ≈≈#
#SS.# #
#@SS# #≈≈≈#
#≈≈≈# #≈≈.#
#≈≈≈# #≈≈.#
#≈≈≈# #≈≈.#
#≈≈≈#


You could see 3 adders, 2 river rats and a ball python.

Vanquished Creatures
  2 adders
  A river rat (Sewer)
  4 worms
  3 dart slugs
  10 ball pythons
  3 endoplasms
  11 giant cockroaches
  6 goblins
  5 hobgoblins
  2 jackals (Sewer)
  5 kobolds
  2 quokkas
  12 bats
  5 frilled lizards
  7 rats
78 creatures vanquished.

Notes
Turn   | Place    | Note
-------+----------+-------------------------------------------
     0 | D:1      | zeratav the Octopode Transmuter began the quest for the
                  | Orb.
     0 | D:1      | Reached XP level 1. HP: 13/13 MP: 3/3
   203 | D:1      | Found Filan's Armour Shoppe.
   346 | D:1      | Found Fuavvus's Weapon Shop.
   364 | D:1      | Found Dyedwiph's Antique Armour Shop.
   670 | D:1      | Reached XP level 2. HP: 14/18 MP: 3/5
  1009 | D:1      | Found a faded altar of an unknown god.
  1197 | D:1      | Found Fiefoh's Weapon Shop.
  1466 | D:1      | Found Puathrom's Antique Armour Shop.
  1492 | D:1      | Reached XP level 3. HP: 23/23 MP: 4/6
  1496 | D:1      | Learned a level 3 spell: Spider Form
  2529 | D:2      | Reached skill level 1 in Poison Magic
  2902 | D:2      | Reached XP level 4. HP: 23/28 MP: 3/7
  3549 | D:3      | Found a hazy altar of Hepliaklqana.
  3723 | D:3      | Reached skill level 4 in Unarmed Combat
  3870 | D:3      | Found a glowing drain.
  3897 | Sewer    | Entered a sewer
  4100 | Sewer    | Reached XP level 5. HP: 33/33 MP: 5/9
  4254 | Sewer    | Slain by an adder

Illustrated notes

Levels and vault maps discovered:
D:1:      scummos_arrival_star, layout_loops_corners, basic_ecumenical_altar,
          serial_shops, shop, shop_coins, shop_fountains, shop,
          nicolae_shop_trees
D:2:      minmay_angry_zag, layout_loops_ring
D:3:      minmay_roachtagon, layout_loops_ring, mainiacjoe_overflow_chevrons,
          portal_sewer_entry_a
Sewer:    sewer_fruit_machine

Skill      XL: |  1  2  3  4  5 |
---------------+----------------+-----
Poison Magic   | 1 2 |  2.0
Unarmed Combat | 4 |  4.1
Fighting       | |  1.6
Dodging        | |  2.2
Spellcasting   | |  2.7
Transmutations | |  2.4

Action                   |  1- 3 |  4- 6 || total
-------------------------+-------+-------++-------
Melee: Unarmed           |    70 |    84 ||   154
       Constrict         |    20 |    20 ||    40
       Tentacles         |    15 |    11 ||    26
       Kick              |    13 |    13 ||    26
       Punch             |     2 |     1 ||     3
Throw: Stone             |    17 |       ||    17
 Cast: Beastly Appendage |    20 |    10 ||    30
       Spider Form       |     3 |     6 ||     9
  Use: Scroll            |     7 |       ||     7
       Potion            |       |     2 ||     2
 Stab: Sleeping          |     5 |     6 ||    11
Armor: Skin              |     5 |     9 ||    14
Dodge: Dodged            |    44 |    67 ||   111
